 Dungeon Crawl Stone Soup version 0.25-a0-290-g4a1327ee3a (webtiles) character file.

Game seed: 2256615676007471803, levelgen mode: classic

1757 Borgoz the Cutter (level 9, -1/55 HPs)
             Began as a Kobold Fighter on Dec 15, 2019.
             Was an Initiate of Okawaru.
             Succumbed to a hornet's poison
             ... on level 6 of the Dungeon.
             The game lasted 00:09:57 (5971 turns).

Borgoz the Cutter (Kobold Fighter)                  Turns: 5971, Time: 00:09:58

Health: -1/55      AC:  9    Str: 17    XL:     9   Next: 27%
Magic:  7/12       EV: 16    Int:  9    God:    Okawaru [......]
Gold:   124        SH:  8    Dex: 14    Spells: 11/12 levels left

rFire    + . .     SeeInvis .   a - +2 rapier
rCold    . . .     Gourm    .   c - +2 buckler
rNeg     . . .     Faith    .   h - +0 ring mail
rPois    .         Spirit   +   (no helmet)
rElec    .         Reflect  .   (no cloak)
rCorr    .         Harm     .   e - +2 pair of gloves
MR       .....                  (no boots)
Stlth    ++........             d - amulet of guardian spirit
HPRegen  0.18/turn              k - ring of protection from fire
MPRegen  0.13/turn              (no ring)

@: lethally poisoned (-1 -> -21)
A: small, carnivore
a: Renounce Religion


You were on level 6 of the Dungeon.
You worshipped Okawaru.
Okawaru was noncommittal.
You were very full.

You visited 2 branches of the dungeon, and saw 7 of its levels.

You collected 124 gold pieces.

Inventory:

Hand Weapons
 a - a +2 rapier (weapon)
Armour
 c - a +2 buckler (worn)
 e - a +2 pair of gloves (worn)
 h - a +0 ring mail (worn)
Jewellery
 d - an amulet of guardian spirit (around neck)
 k - a ring of protection from fire (left hand)
Scrolls
 b - a scroll of fog
 g - a scroll of magic mapping
 m - 3 scrolls of teleportation
Potions
 l - a potion of magic
Comestibles
 f - 4 rations
 i - 2 chunks of flesh


   Skills:
 * Level 6.1 Fighting
 * Level 6.9 Short Blades
 * Level 4.6 Armour
 * Level 5.5 Dodging
 + Level 4.4 Stealth
 + Level 3.7 Shields
 + Level 2.3 Spellcasting
 + Level 0.8 Hexes
 + Level 1.0 Invocations
   Level 1.7 Evocations


You had 11 spell levels left.
You knew the following spells:

 Your Spells              Type           Power        Failure   Level  Hunger
a - Confusing Touch       Hex            #.....       43%         1    ##.....

Your spell library contained the following spells:

 Spells                   Type           Power        Failure   Level  Hunger
 Animate Skeleton         Necr           N/A          56%         1    ##.....
 Apportation              Tloc           #.....       56%         1    ##.....
 Summon Small Mammal      Summ           #...         56%         1    ##.....


Dungeon Overview and Level Annotations

Branches:
Dungeon (6/15)             Temple (1/1) D:4

Altars:
Ashenzari
Cheibriados
Dithmenos
Fedhas
Hepliaklqana
Makhleb
Nemelex Xobeh
Okawaru
Ru
Sif Muna
Trog
Uskayaw
Vehumet
Yredelemnul
Zin
The Shining One

Annotations:
D:2 Sigmund


Innate Abilities, Weirdness & Mutations

You are small and have problems with some larger weapons.
You are carnivorous and can eat meat at any time.


Message History

You feel sick. The hornet stings you!
* * * LOW HITPOINT WARNING * * *
You are more poisoned.
You shrug off the repeated paralysis!
You block the hornet's attack.
It was a potion of cancellation.
Your magical effects are unravelling.
You feel magically purged.
You feel yourself speed up.
* * * LOW HITPOINT WARNING * * *
You feel very sick.
The hornet stings you but does no damage.
You block the hornet's attack.
You hit the hornet but do no damage.
The hornet is almost dead.
* * * LOW HITPOINT WARNING * * *
You feel sick. The hornet completely misses you. The hornet closely misses you.
Unknown command.
You closely miss the hornet.
The hornet is almost dead.
You die...

..#......#####.#######
.........#
##...รท...#.#
.#.#######
#...#.(....# ).
###...#.##.##.. #
.#### #........# ..
...... #........###..#
...(..##.............#
......y.........$.#.(#
...#@?..........#
#.##...####....
#....#..).# #...
#..#######.## ##. #
#+#


You could see a hornet.

Vanquished Creatures
  Grinder (D:4)
  An ice beast (D:5)
  4 phantoms
  A sky beast (D:5)
  An ogre (D:5)
  Blork the orc (D:4)
  A scorpion (D:5)
  A bullfrog zombie (D:6)
  6 crimson imps
  A gnoll shaman (D:4)
  A bullfrog skeleton (D:6)
  A hound (D:4)
  2 jellies
  2 iguanas
  5 worker ants
  A hound zombie (D:5)
  2 hound skeletons (D:5)
  10 gnolls
  6 adders
  2 oozes
  An adder zombie (D:5)
  2 dart slugs
  6 leopard geckos
  5 orcs
  4 giant cockroaches (D:3)
  4 goblins
  7 hobgoblins
  7 jackals
  A quokka (D:5)
  A ball python (D:2)
  7 bats
  5 frilled lizards
  A giant cockroach zombie (D:5)
  2 kobolds
  A leopard gecko skeleton (D:5)
  2 rats (D:3)
106 creatures vanquished.

Notes
Turn   | Place    | Note
-------+----------+-------------------------------------------
     0 | D:1      | Borgoz the Kobold Fighter began the quest for the Orb.
     0 | D:1      | Reached XP level 1. HP: 14/14 MP: 1/1
   214 | D:1      | Reached XP level 2. HP: 15/19 MP: 2/2
   969 | D:2      | Noticed Sigmund
  1302 | D:2      | Reached skill level 1 in Dodging
  1302 | D:2      | Reached XP level 3. HP: 23/23 MP: 3/3
  1360 | D:2      | Found a shadowy altar of Dithmenos.
  2040 | D:3      | Reached skill level 1 in Stealth
  2259 | D:3      | Reached XP level 4. HP: 17/28 MP: 4/4
  2596 | D:3      | Reached skill level 1 in Evocations
  2596 | D:3      | Reached XP level 5. HP: 14/33 MP: 6/6
  2903 | D:3      | Reached skill level 1 in Spellcasting
  3302 | D:4      | Noticed Grinder
  3306 | D:4      | Killed Grinder
  3306 | D:4      | Reached XP level 6. HP: 38/38 MP: 6/8
  3312 | D:4      | Noticed a phantom
  3403 | D:4      | Reached XP level 7. HP: 4/44 MP: 9/9
  3509 | D:4      | Reached skill level 5 in Short Blades
  4081 | D:4      | Reached XP level 8. HP: 48/48 MP: 11/11
  4169 | D:4      | Found a staircase to the Ecumenical Temple.
  4263 | D:4      | Reached skill level 5 in Fighting
  4366 | D:4      | Noticed Blork the orc
  4385 | D:4      | Killed Blork the orc
  4762 | D:4      | Found a burning altar of Makhleb.
  4869 | D:5      | Entered Level 5 of the Dungeon
  5335 | Temple   | Entered the Ecumenical Temple
  5375 | Temple   | Became a worshipper of Warmaster Okawaru
  5427 | D:5      | Reached skill level 5 in Dodging
  5467 | D:5      | Reached XP level 9. HP: 54/55 MP: 12/12
  5506 | D:5      | Learned a level 1 spell: Confusing Touch
  5894 | D:6      | Reached skill level 1 in Invocations
  5939 | D:6      | Noticed a hornet
  5947 | D:6      | Paralysed by a hornet for 3 turns
  5959 | D:6      | Paralysed by a hornet for 1 turns
  5967 | D:6      | Paralysed by a hornet for 1 turns
  5969 | D:6      | HP: 1/55 [poisoned by a hornet]
  5971 | D:6      | Succumbed to a hornet's poison

Levels and vault maps discovered:
D:1:      dpeg_arrival_court, layout_loops_corners, grunt_decor_cap
D:2:      layout_loops_corners, minmay_overflow_temple_star_quad,
          grunt_dithmenos_smoke_and_mirrors, first_ration, uniq_terence,
          uniq_sigmund
D:3:      layout_basic, kennysheep_generic_room_5
D:4:      minmay_angry_zag, layout_basic, minmay_temple_entry_from_below_a,
          makhleb_blood_cavern_becter, uniq_grinder, uniq_blork_the_orc
D:5:      layout_basic
D:6:      layout_basic, corexii_item_surrounded_by_moat, uniq_pikel
Temple:   nicolae_temple_no_exploring_needed

Skill      XL: |  1  2  3  4  5  6  7  8  9 |
---------------+----------------------------+-----
Short Blades   | 3 4 5 6 |  6.9
Dodging        | 1 2 3 5 |  5.5
Stealth        | 1 2 3 4 |  4.4
Evocations     | 1 |  1.7
Spellcasting   | 1 2 |  2.3
Fighting       | 4 5 6 |  6.1
Armour         | 3 4 |  4.6
Shields        | 3 |  3.7
Invocations    | 1 |  1.0
Hexes          | |  0.8

Action                   |  1- 3 |  4- 6 |  7- 9 || total
-------------------------+-------+-------+-------++-------
Melee: Rapier            |   124 |   125 |   440 ||   689
Throw: Throwing net      |       |       |     1 ||     1
Evoke: Wand              |       |     5 |       ||     5
  Use: Potion            |     3 |     2 |     9 ||    14
       Scroll            |     4 |     1 |     2 ||     7
 Stab: Sleeping          |       |       |     3 ||     3
  Eat: Chunk             |    12 |     4 |     9 ||    25
Armor: Scale mail        |     3 |       |       ||     3
       Ring mail         |    36 |    37 |   121 ||   194
       Skin              |       |       |     7 ||     7
Dodge: Dodged            |    63 |    49 |   192 ||   304
Block: Shield            |    49 |    51 |   138 ||   238
       Buckler           |       |       |    35 ||    35

Table legend:
 A = Non-vault XP
 B = Vault XP
 C = Vault XP percentage of total XP
 D = Non-vault monster count
 E = Vault monster count
 F = Vault count percentage of total count
                 A         B        C        D         E       F
            +---------+---------+-------+---------+---------+-------
      Total |    2095 |     416 |  16.6 |      99 |       7 |   6.6
            +---------+---------+-------+---------+---------+-------
        D:1 |      21 |       0 |   0.0 |      10 |       0 |   0.0
        D:2 |      34 |       0 |   0.0 |      15 |       0 |   0.0
        D:3 |     154 |       6 |   3.8 |      26 |       3 |  10.3
        D:4 |     721 |     410 |  36.3 |      15 |       4 |  21.1
        D:5 |    1034 |       0 |   0.0 |      29 |       0 |   0.0
        D:6 |     131 |       0 |   0.0 |       4 |       0 |   0.0
            +---------+---------+-------+---------+---------+-------
